 Seeded DCSS version 0.30.1-9-gdf580d7c3d (webtiles) character file.

Game seed: 7547814903460644772 (custom seed)

758 Psyclone the Tainter (level 7, -2/41 HPs)
             Began as an Octopode Venom Mage on Sept 27, 2023.
             Was an Initiate of Gozag.
             Shot with an arrow by a centaur (15 damage)
             ... on level 5 of the Dungeon.
             The game lasted 00:14:23 (4981 turns).

Psyclone the Tainter (Octopode Venom Mage)          Turns: 4981, Time: 00:14:23

Health: -2/41      AC:  1    Str:  7    XL:     7   Next: 80%
Magic:  7/10       EV: 13    Int: 20    God:    Gozag
Gold:   725        SH:  0    Dex: 12    Spells: 1/10 levels left

rFire   . . .        a - +4 dagger (venom)
rCold   . . .        (no shield)
rNeg    . . .        (helmet restricted)
rPois   .            (no amulet)
rElec   .            (no ring)
rCorr   .            (no ring)
SInv    .            (no ring)
Will    .....        (no ring)
Stlth   +++          (no ring)
HPRegen 0.26/turn    (no ring)
MPRegen 0.12/turn    (no ring)
                     (no ring)

%: no passive effects
@: no status effects
A: almost no armour, amphibious, 8 rings, camouflage 1, gelatinous body 1,
(nimble swimmer 1), tentacles
a: Renounce Religion, Potion Petition, Call Merchant, Bribe Branch


You were on level 5 of the Dungeon.
You worshipped Gozag.
Gozag was pleased with you.
You visited 1 branch of the dungeon, and saw 5 of its levels.
You also visited: Sewer.

You collected 833 gold pieces.
You paid 108 gold pieces to Gozag.

Inventory:

Hand Weapons
 a - a +4 dagger of venom (weapon)
Jewellery
 h - a +6 ring of dexterity
Scrolls
 b - 2 scrolls of identify {unknown}
 f - 2 scrolls of enchant armour {unknown}
 i - a scroll of magic mapping {unknown}
 l - 2 scrolls of enchant weapon {unknown}
 m - a scroll of immolation {unknown}
 n - a scroll of poison {unknown}
 o - a scroll of vulnerability {unknown}
 p - a scroll of teleportation {unknown}
 t - a scroll of amnesia {unknown}
Potions
 c - a potion of magic
 d - 2 potions of experience {unknown}
 e - 4 potions of attraction {unknown}
 g - 2 potions of haste {unknown}
 j - 2 potions of might {unknown}
 k - a potion of cancellation {unknown}
 q - a potion of degeneration {unknown}
 r - a potion of brilliance {unknown}
 s - a potion of flight {unknown}
 u - a potion of resistance {unknown}
 v - a potion of heal wounds {unknown}
 w - a potion of mutation {unknown}


   Skills:
 - Level 2.0 Dodging
 - Level 2.6 Stealth
 - Level 2.0 Spellcasting
 - Level 1.0 Transmutations
 + Level 10.7 Poison Magic


You had one spell level left.
You knew the following spells:

 Your Spells              Type           Power      Damage    Failure   Level
a - Poisonous Vapours     Pois/Air       46%        N/A       2%          2
q - Blink                 Tloc           4%         N/A       24%         2
v - Sting                 Tmut/Pois      100%       1d8       1%          1
x - Olgreb's Toxic Radia  Pois           44%        N/A       1%          4

Your spell library contained the following spells:

 Spells                   Type           Power      Damage    Failure   Level
 Mephitic Cloud           Conj/Pois/Air  16%        N/A       11%         3
 Lesser Beckoning         Tloc           4%         N/A       24%         2
 Gell's Gravitas          Tloc           2%         N/A       43%         3
 Inner Flame              Hex/Fire       2%         N/A       43%         3
 Teleport Other           Tloc           2%         N/A       43%         3
 Manifold Assault         Tloc           2%         N/A       83%         4
 Yara's Violent Unravell  Hex/Tmut       2%         3d3       98%         5
 Freezing Cloud           Conj/Ice/Air   1%         6-21      99%         5
 Enfeeble                 Hex            1%         N/A       100%        7
 Storm Form               Tmut/Air       2%         N/A       100%        7


Dungeon Overview and Level Annotations

Branches:
Dungeon (5/15) Zot: 22853   Sewer (visited)
 Temple: D:4-7

Altars:
Ashenzari
Gozag
Makhleb
Nemelex Xobeh
Okawaru
Ru
Wu Jian
Yredelemnul
Zin

Annotations:
D:3 1 runed translucent door, Crazy Yiuf


Innate Abilities, Weirdness & Mutations

You cannot wear most types of armour.
You are amphibious.
You can wear up to eight rings at the same time.
Your skin changes colour to match your surroundings (Stealth+).
Your rubbery body absorbs attacks. (AC +1, EV +1)
((You are camouflaged when in or above water. (Stealth+)))
You have tentacles for arms and can constrict up to eight enemies at once.


Message History

Poisonous vapours surround the ogre!
The ogre looks as sick as possible!
You now have 1/10 mp.
Unknown command.
Casting: Poisonous Vapours (safe; 3% risk of failure)
Confirm with . or Enter, or press ? or * to list all spells.
You don't have enough magic to cast this spell.
Unknown command.
You puncture the ogre!
You kill the ogre!
You now have 725 gold pieces (gained 15).
You see here a +0 giant club.
Magic restored.
A centaur comes into view.
MP restored: 10
Casting: Poisonous Vapours (safe; 2% risk of failure)
Confirm with . or Enter, or press ? or * to list all spells.
Aiming: Poisonous Vapours (safe; 2% risk of failure)
Press: ? - help, Dir - move target, f - centaur
Aim: a centaur (asleep) Poisonous vapours surround the centaur!
The centaur is poisoned.
The centaur shouts!
The centaur wields a +0 heavy shortbow.
The centaur shoots an arrow.
The arrow hits you!!
A scorpion comes into view.
You take 20 damage, and have 21/41 hp.
MASSIVE DAMAGE!!
You now have 8/10 mp.
The centaur shoots an arrow.
The arrow closely misses you.
You start resting.
The centaur shoots an arrow.
The arrow hits you!
* * * LOW HITPOINT WARNING * * *
You take 11 damage, and have 12/41 hp.
MASSIVE DAMAGE!!
Casting: Poisonous Vapours (safe; 2% risk of failure)
Confirm with . or Enter, or press ? or * to list all spells.
Aiming: Poisonous Vapours (safe; 2% risk of failure)
Press: ? - help, Dir - move target, f/p - centaur
Aim: a centaur, wielding a +0 heavy shortbow (heavily wounded, poisoned) Poisonous vapours surround the centaur!
The centaur looks even sicker.
The centaur shoots an arrow.
The arrow closely misses you.
You now have 7/10 mp.
The centaur shoots an arrow.
The arrow hits you!
You die...
Your body crumbles into a pile of gold.

#s# ##c## ##...##
###.....###
#.........#
#.#.....#s#
####.##...##c#####.#
#........###.......#
#.)...(....@........
#...................
#.......#####.####.#
#..[<...# .# #
#.......# .#
#...##### ..
#..'#.#.#+ .#
#)##..#..# .#
#.#.._#_..#


You could see a centaur (very poisoned) and a scorpion.

Vanquished Creatures
  Pargi (Sewer)
  4 ogres
  A hound (D:4)
  Jessica (D:2)
  Natasha (thrice) (D:3)
  An orc wizard (D:4)
  6 adders
  A river rat (D:4)
  7 worms
  A dart slug (D:3)
  7 orcs
  4 ball pythons
  4 bats
  4 endoplasms
  2 giant cockroaches
  9 goblins
  10 hobgoblins
  7 jackals
  2 quokkas (D:2)
  4 frilled lizards
  8 kobolds
  2 rats (D:1)
89 creatures vanquished.

Notes
Turn   | Place    | Note
-------+----------+-------------------------------------------
     0 | D:1      | Psyclone the Octopode Venom Mage began the quest for the
                  | Orb.
     0 | D:1      | Reached XP level 1. HP: 11/11 MP: 3/3
   195 | D:1      | Reached skill level 4 in Poison Magic
   233 | D:1      | Reached XP level 2. HP: 17/17 MP: 1/5
   302 | D:1      | Learned a level 2 spell: Poisonous Vapours
   597 | D:4      | Reached skill level 5 in Poison Magic
   597 | D:4      | Reached XP level 3. HP: 21/21 MP: 3/6
   637 | D:5      | Entered Level 5 of the Dungeon
   641 | D:5      | Found an opulent altar of Gozag.
   641 | D:5      | Found a sacrificial altar of Ru.
   642 | D:5      | Found an iron altar of Okawaru.
   645 | D:5      | Became a worshipper of Gozag Ym Sagoz the Greedy
   843 | D:4      | Reached XP level 4. HP: 21/27 MP: 2/7
   899 | D:4      | Reached skill level 6 in Poison Magic
   901 | D:4      | Found a glowing drain.
   912 | Sewer    | Entered a sewer
  1045 | Sewer    | Noticed Pargi
  1069 | Sewer    | Killed Pargi
  1070 | Sewer    | Reached skill level 7 in Poison Magic
  1070 | Sewer    | Reached XP level 5. HP: 19/31 MP: 3/8
  1379 | D:1      | Found a faded altar of an unknown god.
  1783 | D:2      | Noticed Jessica
  1791 | D:2      | Killed Jessica
  1792 | D:2      | Reached XP level 6. HP: 36/36 MP: 0/9
  2301 | D:2      | Reached skill level 8 in Poison Magic
  2410 | D:2      | Learned a level 4 spell: Olgreb's Toxic Radiance
  2698 | D:3      | Learned a level 2 spell: Blink
  2704 | D:3      | Found an ornate altar of the Wu Jian Council.
  2800 | D:3      | Noticed Natasha
  2806 | D:3      | Killed Natasha
  2921 | D:3      | Found a runed translucent door.
  2952 | D:3      | Noticed Crazy Yiuf
  3207 | D:3      | Found a broken altar of Ashenzari.
  3370 | D:3      | Noticed Natasha
  3374 | D:3      | Killed Natasha
  3659 | D:3      | Noticed Natasha
  3664 | D:3      | Killed Natasha
  3851 | D:4      | Reached skill level 9 in Poison Magic
  4280 | D:4      | Reached XP level 7. HP: 41/41 MP: 0/10
  4390 | D:4      | Found a burning altar of Makhleb.
  4397 | D:4      | Found a glowing silver altar of Zin.
  4397 | D:4      | Noticed a balrug
  4397 | D:4      | Noticed an angel
  4593 | D:4      | Found a sparkling altar of Nemelex Xobeh.
  4644 | D:4      | Found a basalt altar of Yredelemnul.
  4676 | D:4      | Reached skill level 10 in Poison Magic
  4981 | D:5      | Shot with an arrow by a centaur

Illustrated notes

Levels and vault maps discovered:
D:1:      lordsloth_arrival_two_stooges, layout_basic,
          chequers_ecumenical_altar_simple
D:2:      layout_loops_ring, uniq_jessica
D:3:      layout_loops_cross, ashenzari_conservatory_becter,
          nzn_wu_jian_council_hall, chequers_serial_rivers_room_a,
          grunt_decor_cap, hangedman_abyss_or_decor_lesser_grid,
          hangedman_decor_peaks_small, minmay_gold_behind_fungi, uniq_natasha,
          uniq_crazy_yiuf_cottage
D:4:      layout_loops_ring, grunt_temple_overflow_order_and_chaos_2,
          yredelemnul_altar_generic, nemelex_dance_club_becter,
          gup_sewer_entry_bubbles
D:5:      layout_loops_ring, grunt_temple_overflow_growth_and_decay,
          nicolae_overflow_quartered_altars, doesnt_shop_hydraphobe

Skill      XL: |  1  2  3  4  5  6  7 |
---------------+----------------------+-----
Poison Magic   | 4 5 7 9 10 | 10.7
Dodging        | |  2.0
Stealth        | |  2.6
Spellcasting   | |  2.0
Transmutations | |  1.0

Action                     |  1- 3 |  4- 6 |  7- 9 || total
---------------------------+-------+-------+-------++-------
  Melee: Tentacles         |    14 |    20 |     1 ||    35
         Unarmed           |     2 |       |       ||     2
         Constrict         |    13 |    22 |     1 ||    36
         Dagger            |    42 |    89 |     7 ||   138
         Punch             |     2 |       |       ||     2
   Cast: Sting             |    12 |     5 |       ||    17
         Poisonous Vapours |    12 |    44 |    17 ||    73
         Olgreb's Toxic Ra |       |     2 |     2 ||     4
   Stab: Sleeping          |     3 |    13 |     1 ||    17
 Armour: Skin              |     2 |     8 |       ||    10
  Dodge: Dodged            |    15 |    62 |     4 ||    81
